 Dungeon Crawl Stone Soup version 0.18.1-50-g88ac8fd (webtiles) character file.

2372 rme2001 the Quickloader (level 9, -4/70 (74) HPs)
             Began as a Centaur Hunter on Oct 10, 2016.
             Was an Elder of Ru.
             Slain by a moth of wrath (shapeshifter) (11 damage)
             ... on level 12 of the Dungeon.
             The game lasted 01:27:12 (12415 turns).

rme2001 the Quickloader (Centaur Hunter)           Turns: 12415, Time: 01:27:13

HP:   -4/70 (74)    AC:  9    Str: 18    XL:     9   Next: 21%
MP:   9/9           EV: 10    Int: 10    God:    Ru [****..]
Gold: 575           SH:  0    Dex: 10    Spells: 0 memorised, 8 levels left

rFire  x . .     SeeInvis .     a - +1 hand crossbow
rCold  x . .     Gourm    .     c - +0 leather armour
rNeg   . . .     Faith    .     (no shield)
rPois  .         Spirit   .     (no helmet)
rElec  .         Dismiss  .     (no cloak)
rCorr  .         Reflect  .     k - +1 pair of gloves
SustAt +         Harm     .     (no barding)
MR     .....                    x - amulet of regeneration
Stlth  ..........               s - ring of sustain attributes
                                r - +3 ring of protection

@: confused, very quick, not resistant to hostile enchantments, extremely
unstealthy
A: hooves 3, deformed body, speed 2, tough skin 3, inability to train armour,
temperature sensitive
a: Draw Out Power, Power Leap, Renounce Religion


You were on level 12 of the Dungeon.
You worshipped Ru.
Ru was greatly pleased with you.
You were not hungry.

You visited 2 branches of the dungeon, and saw 13 of its levels.

You collected 575 gold pieces.

Inventory:

Hand Weapons
 a - a +1 hand crossbow (weapon)
 b - a +0 shortbow
 o - a +0 spear
 u - the cursed +2 war axe "Hyequ" {venom, MP-9 Int+3, unknown}
   (You found it on level 7 of the Dungeon)

   It poisons the flesh of those it strikes.
   It affects your intelligence (+3).
   It affects your magic capacity (-9).
   It has a curse placed upon it.
 B - a +0 spear
Missiles
 e - 239 stones
 m - 39 arrows
 D - 28 bolts (quivered)
Armour
 c - a +0 leather armour (worn)
 k - a +1 pair of gloves (worn)
Magical Staves
 z - an uncursed staff of power {unknown}
Jewellery
 d - an uncursed ring of magical power
 p - an uncursed amulet of guardian spirit
 r - a +3 ring of protection (left hand)
 s - a ring of sustain attributes (right hand)
 t - an uncursed ring of fire
 x - an amulet of regeneration (around neck)
 C - an uncursed ring of fire
Wands
 l - a wand of lightning (8/15)
 n - a wand of confusion (13/48)
 y - a wand of disintegration (24/24)
 F - a wand of polymorph (15/24)
Scrolls
 h - 2 scrolls of identify
 i - 2 scrolls of remove curse
 w - a scroll of fear
 I - a scroll of blinking
Potions
 g - 2 potions of flight
 j - a potion of agility {unknown}
 v - a potion of berserk rage {unknown}
 A - a potion of cancellation {unknown}
 H - a potion of magic {unknown}
Comestibles
 f - 3 bread rations
 q - 3 meat rations


   Skills:
 + Level 5.3 Fighting
 * Level 7.9 Bows
 + Level 9.0 Crossbows
 - Level 1.5 Throwing
 + Level 4.0 Dodging
 - Level 0.9 Stealth


You had 8 spell levels left.
You didn't know any spells.

Dungeon Overview and Level Annotations

Branches:
Dungeon (13/15)            Temple (1/1) D:5
   Lair: D:8-11         Orc: D:9-12      Vaults: D:13-14

Altars:
Ashenzari
Cheibriados
Dithmenos
Elyvilon
Fedhas
Gozag
Kikubaaqudgha
Makhleb
Nemelex Xobeh
Okawaru
Qazlal
Ru
Sif Muna
Trog
Vehumet
Xom
The Shining One

Shops:
D:5 }

Annotations:
D:3 feelmyfire's ghost, amateur MiFi
D:4 Dowan; Duvessa; Sigmund
D:6 Eustachio


Innate Abilities, Weirdness & Mutations

You have hooves in place of feet.
Armour fits poorly on your strangely shaped body.
You cover ground very quickly.
You have extremely tough skin (AC +3).
You cannot train Armour skill.
You are sensitive to extremes of temperature (rF-, rC-).


Message History

You're too confused to move!
The tarantella bites you!
* * * LOW HITPOINT WARNING * * *
You are more confused.
The tarantella bites you.
* * * LOW HITPOINT WARNING * * *
You clumsily bash the tarantella but do no damage.
The tarantella barely misses you. The tarantella bites you.
* * * LOW HITPOINT WARNING * * *
You're too confused to move!
The tarantella barely misses you.
The tarantella is no longer blind.
The tarantella misses you.
The tarantella bites you but does no damage.
You miss the tarantella. The tarantella bites you!
* * * LOW HITPOINT WARNING * * *
You focus your will and blind the tarantella in retribution!
The tarantella bites you.
* * * LOW HITPOINT WARNING * * *
The tarantella changes into a moth of wrath!
You're too confused to move!
The moth of wrath bites you!
You die...

########
#...>..#######
#...(........#
#............#
#............#
####.........@..#
..(..........y..#
................#
................#
................#
....##+##########
.... ..


You could see a moth of wrath shaped shifter.

Vanquished Creatures
  A wyvern (D:9)
  An ogre (D:7)
  5 necrophages (D:7)
  3 centaurs
  3 giant frogs
  2 scorpions
  A wight (D:7)
  4 crimson imps
  2 centaur zombies
  3 hounds
  5 orc priests
  8 orc wizards
  5 worker ants
  3 iguanas
  Natasha (D:4)
  4 mummies (D:7)
  2 hound skeletons
  8 adders
  An ooze (D:4)
  2 adder zombies (D:7)
  4 worms
  3 dart slugs
  5 giant geckos
  18 orcs
  2 ball pythons
  3 giant cockroaches
  5 hobgoblins
  6 jackals
  2 quokkas
  9 bats
  A giant cockroach zombie (D:6)
  A giant newt (D:4)
  8 goblins
  A jackal skeleton (D:5)
  9 kobolds
  2 quokka skeletons
  5 rats
148 creatures vanquished.

Vanquished Creatures (others)
  2 orcs
2 creatures vanquished.

Grand Total: 150 creatures vanquished

Notes
Turn   | Place    | Note
--------------------------------------------------------------
     0 | D:1      | rme2001 the Centaur Hunter began the quest for the Orb.
     0 | D:1      | Reached XP level 1. HP: 17/17 MP: 1/1
   404 | D:1      | Reached XP level 2. HP: 24/24 MP: 2/2
   422 | D:1      | Found a shattered altar of Ashenzari.
   663 | D:2      | Reached skill level 5 in Crossbows
   750 | D:2      | Reached XP level 3. HP: 23/29 MP: 3/3
  1228 | D:2      | Reached XP level 4. HP: 36/36 MP: 4/4
  1334 | D:2      | Found a shattered altar of Ashenzari.
  1345 | D:2      | Found a glowing golden altar of the Shining One.
  1349 | D:2      | Found an ancient bone altar of Kikubaaqudgha.
  1462 | D:3      | Reached skill level 6 in Crossbows
  1465 | D:3      | Noticed feelmyfire's ghost (amateur MiFi)
  2045 | D:3      | Reached XP level 5. HP: 20/41 MP: 5/5
  2701 | D:5      | Entered Level 5 of the Dungeon
  2740 | D:4      | Reached skill level 1 in Armour
  2853 | D:4      | Reached skill level 7 in Crossbows
  3143 | D:4      | Reached XP level 6. HP: 50/50 MP: 6/6
  3216 | D:4      | Noticed Duvessa
  3217 | D:4      | Noticed Natasha
  3219 | D:4      | Noticed Dowan
  3742 | D:4      | Killed Natasha
  4132 | D:4      | Noticed Sigmund
  4361 | D:5      | Found Hosead's Gadget Boutique.
  4389 | D:5      | Found a staircase to the Ecumenical Temple.
  4412 | Temple   | Entered the Ecumenical Temple
  4505 | Temple   | Became a worshipper of Ru the Awakened
  5032 | D:5      | Reached skill level 1 in Throwing
  5332 | D:5      | Reached XP level 7. HP: 51/56 MP: 7/7
  5710 | D:6      | Found a stormy altar of Qazlal.
  5762 | D:6      | Noticed a hungry ghost
  5915 | D:6      | Reached skill level 1 in Bows
  6125 | D:6      | Noticed Eustachio
  6737 | D:7      | Reached skill level 8 in Crossbows
  6782 | D:7      | Gained mutation: You cannot train Armour skill. [Ru sacrifice]
  6782 | D:7      | Reached * piety under Ru
  6792 | D:7      | Reached XP level 8. HP: 56/64 MP: 6/8
  7803 | D:6      | Reached skill level 5 in Bows
  9823 | D:7      | Got a sapphire war axe
 11202 | D:10     | Entered Level 10 of the Dungeon
 11272 | D:9      | Reached XP level 9. HP: 69/69 MP: 9/9
 11273 | D:9      | Noticed a troll
 11399 | D:9      | Gained mutation: You are sensitive to extremes of temperature (rF-, rC-). [Ru sacrifice]
 11399 | D:9      | Reached ** piety under Ru
 11399 | D:9      | Reached *** piety under Ru
 11399 | D:9      | Reached **** piety under Ru
 11527 | D:9      | Reached skill level 5 in Fighting
 11607 | D:9      | Reached skill level 9 in Crossbows
 12303 | D:10     | You fall through a shaft for 3 floors!
 12311 | D:13     | Noticed a cyan ugly thing
 12329 | D:13     | Noticed a red ugly thing
 12413 | D:12     | Noticed a moth of wrath
 12413 | D:12     | a tarantella changed into a moth of wrath
 12415 | D:12     | Slain by a moth of wrath (shapeshifter)

Skill      XL: |  1  2  3  4  5  6  7  8  9 |
---------------+----------------------------+-----
Crossbows      | 5 6 7 8 9 |  9.0
Armour         | 1 0 |  0.0
Dodging        | 2 3 4 |  4.0
Throwing       | 1 |  1.5
Fighting       | 3 4 5 |  5.3
Bows           | 4 7 |  7.9
Stealth        | |  0.9

Action                   |  1- 3 |  4- 6 |  7- 9 || total
-------------------------+-------+-------+-------++-------
Melee: Shortbow          |       |       |     7 ||     7
       Hand crossbow     |       |       |     8 ||     8
       Kick              |       |       |     4 ||     4
 Fire: Hand crossbow     |    77 |   186 |   104 ||   367
       Shortbow          |       |       |   433 ||   433
Throw: Stone             |       |    27 |    10 ||    37
Invok: Sacrifice Durabil |       |       |     1 ||     1
       Power Leap        |       |       |     1 ||     1
       Sacrifice Resista |       |       |     1 ||     1
  Use: Scroll            |     4 |     4 |     7 ||    15
       Potion            |     1 |     1 |       ||     2
  Eat: Fruit             |       |     5 |     5 ||    10
       Chunk             |       |     3 |     7 ||    10
       Pizza             |       |     2 |     1 ||     3
       Beef jerky        |       |       |     3 ||     3
Armor: Leather armour    |    18 |    46 |   147 ||   211
Dodge: Dodged            |    22 |    60 |   156 ||   238
